Map: Ruins of Seras

Players

Tim - Winner!

  • Race: Terran Terran
  • League: Diamond

Manta

  • Race: Zerg Zerg
  • League: Silver

VOD

Have the link to the VOD?

Description

Time

  • Played on: Feb. 19, 2016, 8:19 p.m.
  • Length: 4:38
Show
View Real Time Build Order
Export as new Build Order

Tim Terran - Winner!

Build Orders: Command Center First (CC) 

Get SALT Encoding   

  12  0:01  SCV  
  13  0:14  SCV  
  14  0:19  Supply Depot  
  14  0:26  SCV  
  15  0:41  SCV  
  16  0:53  SCV  
  17  1:02  Command Center  
  17  1:06  SCV  
  18  1:18  SCV  
  19  1:26  Barracks  
  19  1:31  Barracks  
  19  1:33  SCV  
  20  1:45  SCV  
  21  1:53  Supply Depot  
  21  1:57  SCV  
  22  2:09  SCV  
  22  2:13  Marine  
  24  2:19  Orbital Command, Supply Depot  
  24  2:20  Marine  
  24  2:22  Orbital Command  
  25  2:31  Marine  
  26  2:38  Marine  
  27  2:45  SCV  
  27  2:48  SCV  
  27  2:49  Marine  
  30  2:56  Marine  
  30  2:57  SCV  
  32  3:00  SCV  
  33  3:07  Marine  
  33  3:09  SCV  
  33  3:12  SCV  
  36  3:14  Marine  
  37  3:21  SCV  
  37  3:24  Marine, SCV  
  37  3:25  Command Center  
  40  3:32  Marine  
  40  3:33  SCV  
  42  3:36  SCV  
  42  3:40  Bunker  
  43  3:42  Marine  
  44  3:50  Marine, SCV x2  
  44  3:52  Refinery  
  44  3:53  Refinery  
  44  3:55  Refinery x2  
  47  3:57  Supply Depot  
  47  3:58  Supply Depot  
  47  4:00  Marine  
  47  4:02  SCV x2  
  50  4:07  Marine  
  51  4:15  Supply Depot  
  51  4:18  Marine  
Show
View Real Time Build Order
Export as new Build Order

Manta Zerg 

Build Orders: Hatch First 

Get SALT Encoding   

  12  0:05  Drone  
  13  0:14  Drone  
  14  0:17  Overlord  
  14  0:45  Hatchery  
  14  0:46  Drone  
  14  0:55  Drone x2  
  16  0:59  Drone  
  17  1:25  Hatchery  
  17  1:31  Drone, Hatchery  
  17  1:51  Extractor  
  17  1:52  Drone  
  17  1:53  Drone  
  18  1:55  Drone  
  18  1:59  Drone  
  20  2:03  Spawning Pool  
  20  2:08  Drone x2  
  21  2:18  Drone x2  
  23  2:25  Overlord  
  23  2:46  Extractor  
  23  2:50  Queen  
  23  2:51  Queen x2  
  24  2:53  Drone  
  24  2:55  Drone  
  24  2:58  Drone  
  31  3:00  Drone  
  31  3:05  Metabolic Boost  
  32  3:10  Drone  
  33  3:13  Drone  
  33  3:17  Drone  
  33  3:18  Drone  
  36  3:23  Overlord  
  36  3:36  Drone x3  
  36  3:37  Drone x2  
  36  3:39  Zergling x2  
  42  3:51  Baneling Nest  
  41  3:58  Extractor  
  41  4:01  Extractor  
  39  4:06  Zergling x12  
  39  4:07  Zergling x4  
  39  4:08  Drone x2  
  49  4:13  Evolution Chamber  
  49  4:16  Evolution Chamber  
  46  4:19  Zergling x4  
  46  4:20  Zergling x2  
Tags
 
Add a new tag
Caveats
  • Supply blocks, unpowered buildings, or Contaminate may cause inaccurate times.
  • Supply counts are checked every 10 seconds.